 Dungeon Crawl Stone Soup version 0.23.2-1-ga50397a (webtiles) character file.

Game seed: 893185162242792515

22052 Fang the Fighter (level 12, -2/81 HPs)
             Began as a Gargoyle Berserker on May 6, 2019.
             Was a High Priest of Trog.
             Slain by a komodo dragon (17 damage)
             ... on level 2 of the Lair of Beasts on May 7, 2019.
             The game lasted 00:17:57 (13755 turns).

Fang the Fighter (Gargoyle Berserker)              Turns: 13755, Time: 00:17:57

Health: -2/81      AC: 30    Str: 27    XL:     12   Next: 96%
Magic:  12/12      EV: 11    Int: 10    God:    Trog [*****.]
Gold:   720        SH:  0    Dex:  9    Spells: 11/11 levels left

rFire    + . .     SeeInvis .   C - +8 executioner's axe (venom)
rCold    . . .     Gourm    .   (shield currently unavailable)
rNeg     + . .     Faith    .   b - +5 plate armour
rPois    ∞         Spirit   .   (no helmet)
rElec    +         Reflect  .   (no cloak)
rCorr    .         Harm     .   F - +0 pair of gloves {Str+3}
MR       .....                  (no boots)
Stlth    ..........             f - amulet of rage
HPRegen  0.23/turn              l - ring of protection from fire
MPRegen  0.13/turn              (no ring)

@: berserk cooldown, slowed, very slow
A: negative energy resistance 1, electricity resistance, unbreathing,
petrification resistance, rot immunity, AC +8
a: Berserk, Trog's Hand, Brothers in Arms, Renounce Religion, Evoke Berserk Rage


You were on level 2 of the Lair of Beasts.
You worshipped Trog.
Trog was extremely pleased with you.
You were very hungry.

You visited 3 branches of the dungeon, and saw 13 of its levels.

You collected 720 gold pieces.

Inventory:

Hand Weapons
 a - a +0 war axe
 s - a +5 battleaxe of chopping
 y - a +2 war axe of flaming
 C - a +8 executioner's axe of venom (weapon)
Armour
 b - a +5 plate armour (worn)
 F - a +0 pair of gloves of strength (worn)
Jewellery
 f - an amulet of rage (around neck)
 l - a ring of protection from fire (left hand)
 w - an uncursed amulet of magic regeneration {unknown}
Wands
 i - a wand of random effects (21)
 k - a wand of paralysis (9)
 o - a wand of flame (10)
 q - a wand of iceblast (8)
 r - a wand of clouds (5)
 z - a wand of digging (12)
 D - a wand of disintegration (20)
Scrolls
 d - 4 scrolls of remove curse
 h - 3 scrolls of magic mapping
 t - 9 scrolls of teleportation
 x - 3 scrolls of identify
 B - a scroll of vulnerability {unknown}
Potions
 e - 3 potions of magic
 g - 4 potions of ambrosia
 j - a potion of mutation
 m - a potion of flight {unknown}
 p - 4 potions of might
 u - 3 potions of curing
 v - a potion of agility {unknown}
 A - a potion of resistance
Comestibles
 c - 24 rations
 E - 8 chunks of flesh


   Skills:
 + Level 11.9 Fighting
 + Level 10.2 Axes
 + Level 11.8 Armour
 + Level 9.2 Dodging


You had 11 spell levels left.
You didn't know any spells.
Your spell library was empty.

Dungeon Overview and Level Annotations

Branches:
Dungeon (10/15)            Temple (1/1) D:5            Lair (2/6) D:9
    Orc (0/2) D:9
  Swamp: Lair:2-4    Shoals: Lair:2-4     Snake: Lair:2-4    Spider: Lair:2-4

Altars:
Cheibriados
Fedhas
Gozag
Makhleb
Okawaru
Ru
Sif Muna
Trog
Uskayaw

Shops:
D:5 %   D:7 =


Innate Abilities, Weirdness & Mutations

You are resistant to torment.
Your stone body is resilient. (AC +8)
You are immune to poison.
You resist negative energy. (rN+)
You are resistant to electric shocks. (rElec)
You can survive without breathing.
You are immune to petrification.
You are immune to rotting.


Message History

The komodo dragon is lightly wounded.
The komodo dragon closely misses you. The komodo dragon bites you!
* * * LOW HITPOINT WARNING * * *
You slice the komodo dragon like a ripe choko!!!
You kill the komodo dragon!
Trog accepts your kill.
Your skin stops crawling.
You feel less resistant to hostile enchantments.
The komodo dragon bites you.
* * * LOW HITPOINT WARNING * * *
You hit the komodo dragon.
The komodo dragon is poisoned.
The komodo dragon is lightly wounded.
The komodo dragon barely misses you. x2
You completely miss the komodo dragon.
The komodo dragon is lightly wounded.
The komodo dragon bites you but does no damage.
The komodo dragon barely misses you. The komodo dragon bites you!
* * * LOW HITPOINT WARNING * * *
You feel better. The komodo dragon bites you!
You die...

.. .... #.#... . #(...##
.... ###...# .....#
#...##.##P..## .....##
.............###.....# #.
...#...##............#l..
.......#......#.@l=#.....
..............#†÷†#......
......#..........$....##
.##....................#
.##.###.....##%.......##
.....##P..#..........##
.....#####.............
......##P#†.............
.#...................##..


You could see a komodo dragon.

Vanquished Creatures
  Erolcha (D:9)
  Erica (D:10)
  2 two-headed ogres
  Pikel (D:5)
  A black mamba (Lair:1)
  Psyche (D:8)
  4 gargoyles (D:10)
  4 spiny frogs
  A rime drake (Lair:1)
  12 komodo dragons
  A troll (D:10)
  4 blink frogs (Lair:1)
  A hornet (D:10)
  2 hippogriffs
  Sigmund (D:6)
  25 yaks
  A vampire (D:10)
  2 humans (D:7)
  2 basilisks (D:9)
  A hungry ghost (D:9)
  Edmund (D:4)
  Menkaure (D:5)
  Duvessa (D:5)
  3 water moccasins
  7 porcupines
  7 orc warriors
  2 ice beasts
  A black bear (D:6)
  3 sky beasts
  2 slaves (D:5)
  2 phantoms
  3 wolves (Lair:1)
  4 ogres
  A centaur (D:10)
  A big kobold (D:7)
  A crocodile (Lair:1)
  Blork the orc (D:4)
  Dowan (D:5)
  3 bullfrogs
  A wyvern zombie (D:9)
  2 scorpions
  4 wights (D:10)
  5 howler monkeys
  5 crimson imps
  6 centaur zombies
  2 quasits (D:7)
  2 bullfrog zombies
  4 hounds
  A jelly (D:7)
  A gnoll shaman (D:6)
  13 orc priests
  5 iguanas
  11 orc wizards
  8 worker ants
  Natasha (thrice) (D:2)
  3 hound zombies
  A howler monkey zombie (D:5)
  4 worker ant zombies
  6 gnolls
  9 adders
  2 shadow imps
  2 oozes (D:7)
  4 worms
  2 dart slugs (D:1)
  3 leopard geckos
  46 orcs
  7 ball pythons
  9 bats
  13 giant cockroaches
  9 goblins
  10 hobgoblins
  7 jackals
  13 kobolds
  4 quokkas
  A frilled lizard (D:2)
  A leopard gecko skeleton (D:8)
  A leopard gecko zombie (D:8)
  A quokka skeleton (D:6)
  6 rats
  A plant (Lair:1)
351 creatures vanquished.

Vanquished Creatures (others)
  A slave (D:5)
1 creature vanquished.

Grand Total: 352 creatures vanquished

Notes
Turn   | Place    | Note
-------+----------+-------------------------------------------
     0 | D:1      | Fang the Gargoyle Berserker began the quest for the Orb.
     0 | D:1      | Reached XP level 1. HP: 14/14 MP: 1/1
    93 | D:1      | Reached XP level 2. HP: 7/19 MP: 2/2
   387 | D:1      | Reached XP level 3. HP: 21/23 MP: 3/3
   740 | D:1      | Reached ** piety under Trog
  1079 | D:2      | Reached XP level 4. HP: 23/29 MP: 4/4
  1224 | D:2      | Noticed Natasha
  1232 | D:2      | HP: 1/43 [Natasha (13)]
  1234 | D:2      | Killed Natasha
  1904 | D:2      | Noticed Natasha
  1914 | D:2      | Killed Natasha
  1914 | D:2      | Reached XP level 5. HP: 24/33 MP: 5/5
  3082 | D:2      | Noticed Natasha
  3089 | D:2      | Killed Natasha
  3311 | D:3      | Found a bloodstained altar of Trog.
  3403 | D:3      | Reached *** piety under Trog
  4050 | D:3      | Found a sacrificial altar of Ru.
  4323 | D:4      | Noticed Blork the orc
  4336 | D:4      | Killed Blork the orc
  4336 | D:4      | Reached XP level 6. HP: 8/39 MP: 6/6
  4607 | D:4      | Found a hide-covered altar of Uskayaw.
  4738 | D:4      | Reached skill level 5 in Fighting
  4876 | D:4      | Reached XP level 7. HP: 34/44 MP: 7/7
  4878 | D:4      | HP: 3/66 [orc/+0 morningstar (9)]
  5208 | D:4      | Noticed Edmund
  5217 | D:4      | Killed Edmund
  5366 | D:5      | Entered Level 5 of the Dungeon
  5394 | D:5      | Noticed Menkaure
  5401 | D:5      | Killed Menkaure
  5401 | D:5      | Reached skill level 5 in Armour
  5642 | D:5      | Noticed Duvessa
  5642 | D:5      | Noticed Dowan
  5648 | D:5      | Killed Duvessa
  5648 | D:5      | Reached XP level 8. HP: 51/51 MP: 8/8
  5649 | D:5      | Killed Dowan
  5799 | D:5      | Noticed Pikel
  5811 | D:5      | Killed Pikel
  5811 | D:5      | Reached skill level 5 in Axes
  6266 | D:5      | Found a staircase to the Ecumenical Temple.
  6276 | Temple   | Entered the Ecumenical Temple
  6520 | D:5      | Found a snail-covered altar of Cheibriados.
  6548 | D:5      | Found a blossoming altar of Fedhas.
  6603 | D:5      | Found Jukkan's Food Shop.
  6669 | D:5      | Found an opulent altar of Gozag.
  6669 | D:5      | Found a burning altar of Makhleb.
  6670 | D:5      | Found a deep blue altar of Sif Muna.
  6745 | D:6      | Noticed Sigmund
  6748 | D:6      | Killed Sigmund
  6767 | D:6      | Reached XP level 9. HP: 29/56 MP: 9/9
  6768 | D:6      | Reached **** piety under Trog
  6775 | D:6      | HP: 2/84 [black bear (3)]
  6776 | D:6      | Reached skill level 5 in Dodging
  7531 | D:6      | Found a runed translucent door.
  7532 | D:6      | Found a runed translucent door.
  8010 | D:7      | Reached ***** piety under Trog
  8197 | D:7      | Found Xaudghea's Jewellery Shop.
  8295 | D:7      | Reached XP level 10. HP: 63/64 MP: 10/10
  8588 | D:7      | Found an iron altar of Okawaru.
  9192 | D:8      | Received a gift from Trog
  9399 | D:8      | Noticed Psyche
  9409 | D:8      | Killed Psyche
  9747 | D:9      | Noticed Erolcha
  9763 | D:9      | Killed Erolcha
  9763 | D:9      | Reached XP level 11. HP: 66/72 MP: 11/11
 10037 | D:9      | Found a staircase to the Orcish Mines.
 10342 | D:9      | Found a staircase to the Lair.
 10499 | D:9      | Noticed a two-headed ogre
 10508 | D:9      | Killed a two-headed ogre
 10508 | D:9      | Reached skill level 10 in Fighting
 10972 | D:10     | Entered Level 10 of the Dungeon
 11053 | D:10     | Reached skill level 10 in Armour
 11548 | D:10     | Received a gift from Trog
 11589 | D:10     | Noticed a two-headed ogre
 11598 | D:10     | Killed a two-headed ogre
 11684 | D:10     | Reached XP level 12. HP: 61/79 MP: 12/12
 11984 | D:10     | Noticed Erica
 11999 | D:10     | Killed Erica
 12339 | Lair:1   | Entered Level 1 of the Lair of Beasts
 13702 | Lair:2   | Reached skill level 10 in Axes
 13755 | Lair:2   | Slain by a komodo dragon

Skill      XL: |  1  2  3  4  5  6  7  8  9 10 11 12 |
---------------+-------------------------------------+-----
Axes           | 3 4 5 6 8 9 10 | 10.2
Dodging        | 2 3 4 5 7 8 9 |  9.2
Fighting       | 4 5 6 8 9 10 11 | 11.9
Armour         | 3 4 5 6 7 9 10 11 | 11.8

Action                   |  1- 3 |  4- 6 |  7- 9 | 10-12 || total
-------------------------+-------+-------+-------+-------++-------
Melee: Hand axe          |    92 |   150 |       |       ||   242
       Battleaxe         |       |    25 |   210 |   270 ||   505
       Executioner's axe |       |       |       |   153 ||   153
Invok: Berserk           |       |     3 |     4 |     7 ||    14
       Trog's Hand       |       |       |       |     1 ||     1
  Use: Scroll            |       |       |    14 |     9 ||    23
       Potion            |       |       |       |     3 ||     3
 Stab: Sleeping          |       |       |     2 |       ||     2
       Invisible         |       |       |       |     3 ||     3
  Eat: Chunk             |     1 |    11 |    15 |    25 ||    52
       Ration            |       |     1 |       |       ||     1
Armor: Animal skin       |    62 |    48 |    47 |       ||   157
       Plate armour      |       |       |    61 |   414 ||   475
       Chain mail        |       |       |    19 |       ||    19
Dodge: Dodged            |    88 |   123 |   173 |   284 ||   668
